[Event "*** MasterClass Titled Tuesday Blitz"]
[Site "Chess.com"]
[Date "2017.12.05"]
[Round "2"]
[White "tigra"]
[Black "AndrBaryshpolets"]
[Result "1-0"]
[WhiteElo "2636"]
[BlackElo "2473"]
[TimeControl "180+2"]
[EndTime "14:37:15 PST"]
[Termination "tigra won on time"]

1. e4 e5 2. Nf3 Nc6 3. Bb5 Nf6 4.
d3 d6 5. Be3 a6 6. Ba4 b5 7.
Bb3 Na5 8. Bd5 c6 9. Bb3 Be7 10. h3 O-O 11. O-O Nxb3 12. axb3 Ne8 13. c4 Bd7 14. c5 Be6 15. b4 f6 16. Nc3 a5 17. cxd6 Nxd6 18. Bc5 axb4 19. Rxa8 Qxa8 20.
Bxb4 Rd8 21. Qc1 Qa7 22. Qe3 Qxe3 23. fxe3 Nc8 24. Bxe7 Nxe7 25. d4 exd4 26. exd4 Ra8 27. b4 Ra3 28. Rc1 Rb3 29. d5 cxd5 30. Nd4 Rxb4 31. Nxe6 dxe4 32. Ne2 Kf7 33. N6d4 Rb2 34. Rc7 Ke8 35. Nc3 e3 36. Rb7 b4 37. Nce2 g6 38.
Nf4 Nf5 39. Nxf5 gxf5 40. Rb6 b3 41. Re6+ Kf7 42. Rb6 Rb1+ 43. Kh2 b2 44. Rb7+ Ke8 45. g3 Rd1 46. Ng2 1-0

[Event "*** MasterClass Titled Tuesday Blitz"]
[Site "Chess.com"]
[Date "2017.12.05"]
[Round "2"]
[White "Vrolijk"]
[Black "Sam_ChessMood"]
[Result "0-1"]
[WhiteElo "2480"]
[BlackElo "2619"]
[TimeControl "180+2"]
[EndTime "14:37:15 PST"]
[Termination "Sam_ChessMood won by resignation"]

1. d4 d5 2. c4 e6 3. Nf3 Nf6 4. Nc3 a6 5. cxd5 exd5 6. Bg5 Be6 7. e3 Nbd7 8. Qc2 h6 9. Bh4 Bd6 10. Bd3 O-O 11. O-O c6 12. Bg3 Qc7 13. b4 Bg4 14.
Nd2 Rfe8 15. a4 Bxg3 16. hxg3 Qd6 17. b5 c5 18. bxa6 bxa6 19. dxc5 Nxc5 20. Be2 Rac8 21. Bxg4 Nxg4 22. Qd1 Qg6 23. Nxd5 Qh5 24. Nf3 Rcd8 25. Nf4 Rxd1 26. Nxh5 Rxa1 27. Rxa1 Ne4 28. Rf1 Rb8 29. Nd4 Ngxf2 30. Rxf2 Nxf2 31. Kxf2 Rb2+ 32. Kf3 Ra2 33. Nf4 Rxa4 34. Nd5 Ra2 35. Nb4 Ra4 36. Nbc6 h5 37.
g4 hxg4+ 38. Kxg4 g6 39. Kf3 Kg7 40. g4 Rc4 41. Ne5 Rc3 42. Ke4 a5 43. Nb5 Rc5 44. Nd6 a4 45. Nec4 Kf6 46. Kd4 Rc6 47. Nb5 Ra6 48.
Nba3 Kg5 49. Ne5 f6 50. Nd3 Kxg4 51. Nc5 Ra8 52. Ne4 f5 53. Nc3 Kf3 54. e4 fxe4 55.
Nc4 a3 56. Nd2+ Kf4 57. Ne2+ Kg4 58. Nxe4 a2 59. Nf6+ Kf5 60. Ne4 0-1

[Event "*** MasterClass Titled Tuesday Blitz"]
[Site "Chess.com"]
[Date "2017.12.05"]
[Round "2"]
[White "pulvettd"]
[Black "MFBerna"]
[Result "1-0"]
[WhiteElo "2236"]
[BlackElo "2298"]
[TimeControl "180+2"]
[EndTime "14:37:15 PST"]
[Termination "pulvettd won by resignation"]

1. c4 c5 2. Nf3 Nf6 3. Nc3 g6 4. g3 Bg7 5. Bg2 O-O 6. h4 h5 7. d3 Nc6 8. Bg5 d6 9. Qd2 a6 10. Bh6 Bd7 11. Bxg7 Kxg7 12. Ng5 Rb8 13. b3 b5 14. O-O b4 15. Nd5 Nxd5 16. Bxd5 e6 17. Bg2 Ne5 18. Ne4 Bc6 19. Rad1 Bxe4 20. dxe4 Rb6 21. f4 Ng4 22. e5 Qd7 23. Bf3 Nh6 24. exd6 Nf5 25. Qb2+ f6 26. e4 Nd4 27. Rxd4 cxd4 28.
c5 Rc6 29. Qxd4 Rfc8 30. Rc1 Rxd6 31. cxd6 Rxc1+ 32. Kh2 Rc2+ 33. Kg1 Rc1+ 34. Kf2 Rc2+ 35. Ke1 e5 36. fxe5 Qh3 37. exf6+ Kf8 38. Qe5 Qd7 39. Qe7+ Qxe7 40. fxe7+ Ke8 41. e5 Rc5 42. e6 Re5+ 43. Kd2 Rxe6 44. Bc6+ Kf7 45. e8=Q+ Rxe8 46. Bxe8+ Kxe8 47. Kd3 Kd7 48. Kc4 Kxd6 49. Kxb4 Ke5 50. Ka5 Ke4 51. Kxa6 Kf3 52. b4 Kxg3 53. b5 g5 54.
b6 gxh4 55. b7 h3 56. b8=Q+ Kg2 57. Qb7+ Kg1 58. Qb6+ Kg2 59. Qc6+ Kg1 60. Qc5+ Kg2 61. Qg5+ Kh1 62. Qxh5 1-0

[Event "*** MasterClass Titled Tuesday Blitz"]
[Site "Chess.com"]
[Date "2017.12.05"]
[Round "2"]
[White "krzyzan94"]
[Black "Blitzstream"]
[Result "1-0"]
[WhiteElo "2598"]
[BlackElo "2502"]
[TimeControl "180+2"]
[EndTime "14:37:18 PST"]
[Termination "krzyzan94 won by checkmate"]

1. Nf3 e6 2. Ng1 g5 3. d4 Bg7 4.
h4 g4 5. Be3 h5 6. Nc3 Ne7 7.
f3 Nf5 8. Bg5 f6 9. Bf4 Nc6 10.
d5 e5 11. e4 exf4 12. exf5 Ne5 13. Qd4 d6 14. Bb5+ Kf8 15. O-O-O Bxf5 16. Kb1 a6 17. Bd3 Qd7 18. Nce2 Nxd3 19. cxd3 Re8 20.
Nxf4 Qb5 21. Nge2 Kf7 22. Ng3 Bd7 23. Ngxh5 Re5 24. Nxg7 Kxg7 25. h5 Rhe8 26. fxg4 Qc5 27. Qxc5 dxc5 28. h6+ Kh7 29. Nh5 Rf8 30. Rdf1 Kg6 31.
Nxf6 Bb5 32. Rf3 Rxf6 33. h7 Rxf3 34. h8=Q Bxd3+ 35. Ka1 Rfe3 36. Qg8+ Kf6 37. g5+ Kf5 38. Qf7+ Kg4 39. Qh5+ Kf5 40. g6+ Kf6 41. Qh4+ Kxg6 42.
a3 c4 43. Qh7+ Kg5 44. Qh6+ Kg4 45. Rh4+ Kg3 46. Qf4+ Kxg2 47. Rh2+ Kg1 48. Qf2# 1-0

[Event "*** MasterClass Titled Tuesday Blitz"]
[Site "Chess.com"]
[Date "2017.12.05"]
[Round "2"]
[White "NF31415926"]
[Black "Dr_Nezard"]
[Result "0-1"]
[WhiteElo "1996"]
[BlackElo "2294"]
[TimeControl "180+2"]
[EndTime "14:37:18 PST"]
[Termination "Dr_Nezard won by resignation"]

1. e4 c5 2. Nf3 d6 3. d4 cxd4 4. Nxd4 Nf6 5. Nc3 Bd7 6. Be2 e5 7. Nb3 Bc6 8. Bg5 a5 9. O-O h6 10. Bxf6 Qxf6 11. Nd5 Qd8 12. c3 Be7 13. Bg4 O-O 14. Qd3 Bg5 15. Nd2 Nd7 16. Nc4 Nc5 17.
Qd1 b5 18. Nce3 Nxe4 19. Bf3 Nc5 20. Ne7+ Qxe7 21. Bxc6 Rab8 22. Bf3 e4 23. Nd5 Qe5 24. Bg4 f5 25. Be2 f4 26. f3 e3 27. c4 b4 28. b3 Bh4 29. Qc2 Rf5 30. Rad1 Rh5 31.
Bd3 Bf2+ 32. Rxf2 exf2+ 33. Qxf2 Nxd3 34. Rxd3 Re8 35. Rd1 Qe2 36. Qd4 Qe5 37. Nxf4 Rf5 38.
Nd5 Qxd4+ 39. Rxd4 Rfe5 40. Kf2 Re2+ 41. Kg3 Rxa2 42. Nc7 Ree2 43. Rxd6 Rxg2+ 44. Kf4 Rxh2 45. Ne6 Kf7 46. Nd4 Rh4+ 47. Ke5 Rxd4 48. Rxd4 a4 49.
bxa4 Rxa4 50. Rd3 Ra5+ 51. Kd4 Ra3 52. Rxa3 bxa3 53. Kc3 Ke7 54. Kb3 h5 55. Kxa3 h4 56. Kb4 h3 57. Kb5 h2 58. c5 h1=Q 0-1

[Event "*** MasterClass Titled Tuesday Blitz"]
[Site "Chess.com"]
[Date "2017.12.05"]
[Round "2"]
[White "evgenysharapov"]
[Black "Rhinos1"]
[Result "1-0"]
[WhiteElo "2281"]
[BlackElo "2043"]
[TimeControl "180+2"]
[EndTime "14:37:25 PST"]
[Termination "evgenysharapov won by checkmate"]

1. e4 e5 2. Nf3 Nc6 3. Bb5 a6 4. Ba4 d6 5. Bxc6+ bxc6 6. d4 exd4 7. Nxd4 Bb7 8. Nc3 Nf6 9. O-O Be7 10. Re1 O-O 11.
Bg5 h6 12. Bh4 g6 13. Qf3 Kg7 14. e5 dxe5 15. Nb3 e4 16. Nxe4 c5 17. Bxf6+ Bxf6 18. Qxf6+ Qxf6 19. Nxf6 Kxf6 20. Nxc5 Bc6 21. Rad1 Rfe8 22.
f3 Rad8 23. Kf2 Bb5 24. a4 Bc6 25. Nxa6 Bxa4 26. b3 Bb5 27. Nxc7 Rxe1 28. Kxe1 Rc8 29. Nxb5 Rxc2 30. Rd2 Rc1+ 31. Ke2 Rb1 32. Nd4 Ke5 33. Kd3 f5 34. Kc2 Ra1 35. Kc3 Rc1+ 36. Nc2 Kf4 37. b4 Rb1 38. Na3 Ra1 39. Kb2 Rh1 40. b5 Ke3 41.
Rc2 Rxh2 42. b6 Rh4 43. Nc4+ Kd3 44. b7 g5 45. b8=Q Rd4 46. Qb3# 1-0

[Event "*** MasterClass Titled Tuesday Blitz"]
[Site "Chess.com"]
[Date "2017.12.05"]
[Round "2"]
[White "bascheyaro"]
[Black "saikrishnaReturns"]
[Result "1-0"]
[WhiteElo "2606"]
[BlackElo "2417"]
[TimeControl "180+2"]
[EndTime "14:37:26 PST"]
[Termination "bascheyaro won by checkmate"]

1. d4 Nf6 2. c4 g6 3. Nf3 Bg7 4. Nc3 d6 5. e3 O-O 6. Be2 Nfd7 7. O-O e5 8. Qc2 Nc6 9. Rd1 f5 10. dxe5 dxe5 11. c5 e4 12. Nd4 Nxd4 13. exd4 c6 14. d5 cxd5 15. Nxd5 Ne5 16. Bf4 Qh4 17.
Bg3 Qg5 18. h4 Qh6 19. Ne7+ Kh8 20. Nxc8 f4 21. Nd6 fxg3 22. fxg3 Qe3+ 23. Kh2 Rf2 24. Rd2 Qxd2 25. Qxd2 Nf3+ 26. Bxf3 Rxd2 27. Bxe4 Bxb2 28.
Rf1 Bd4 29. Bxb7 Rb8 30. c6 Bb6 31. Nc8 Rc2 32. Rf7 Rxc8 33. Bxc8 Rxc6 34. Bg4 Rc3 35. Bf3 Ra3 36. Bd5 Bc5 37. Rc7 Bd6 38. Rc8+ Kg7 39.
Bb3 a5 40. Rc6 Be5 41. Ra6 Bf6 42. Ra7+ Kh6 43. Bg8 g5 44. Rxh7+ Kg6 45. h5+ Kf5 46. Rf7 Ke6 47. Rb7+ Kf5 48. h6 Be5 49. Rb5 Kf6 50.
Rxe5 Kg6 51. h7 Kg7 52. Re7+ Kh8 53. Bb3 a4 54. Bc2 Rd3 55. Bxd3 g4 56. Re8+ Kg7 57. h8=Q+ Kf7 58. Qf8# 1-0

[Event "*** MasterClass Titled Tuesday Blitz"]
[Site "Chess.com"]
[Date "2017.12.05"]
[Round "2"]
[White "maciek_92"]
[Black "Swarnapuri"]
[Result "1-0"]
[WhiteElo "2582"]
[BlackElo "2404"]
[TimeControl "180+2"]
[EndTime "14:37:27 PST"]
[Termination "maciek_92 won by resignation"]

1. c4 e5 2. Nc3 Nf6 3. g3 Bb4 4. Bg2 O-O 5. e4 d6 6. Nge2 Nc6 7. O-O Bg4 8. f3 Be6 9. Nd5 Bc5+ 10. Kh1 Nd4 11. d3 Nxd5 12. cxd5 Bd7 13. b4 Bb6 14. Bb2 Nxe2 15. Qxe2 c6 16. dxc6 Bxc6 17. f4 Re8 18. a4 a6 19. Qh5 f6 20. g4 Be3 21. g5 Bxf4 22. Rxf4 exf4 23. gxf6 Qd7 24. b5 axb5 25. axb5 Rxa1+ 26. Bxa1 Bxb5 27. Qd5+ Qf7 28. Qxb5 Rc8 29. Bb2 Qa2 30. Bf1 gxf6 31. Bxf6 Qf7 32. Qg5+ Qg6 33. Qxf4 Rf8 34. e5 dxe5 35. Qc4+ Qf7 36.
Qg4+ Qg6 37. Qe6+ Qf7 38. Bh3 h6 39. Bf5 Qxe6 40. Bxe6+ Kh7 41. Bxe5 Rf1+ 42. Kg2 Re1 43. d4 Re2+ 44. Kf3 Rd2 45. Ke3 Rd1 46. d5 b5 47.
d6 b4 48. d7 b3 49. Ke2 Rd6 50.
Bxd6 1-0

[Event "*** MasterClass Titled Tuesday Blitz"]
[Site "Chess.com"]
[Date "2017.12.05"]
[Round "2"]
[White "josemoramoron"]
[Black "kanachess88"]
[Result "1/2-1/2"]
[WhiteElo "2178"]
[BlackElo "2268"]
[TimeControl "180+2"]
[EndTime "14:37:35 PST"]
[Termination "Game drawn by agreement"]

1. e4 e5 2. Nf3 Nc6 3. Bc4 Bc5 4. c3 Bb6 5. a4 a5 6. d3 Nf6 7. O-O d6 8. Nbd2 Be6 9. Bb5 h6 10. h3 Qd7 11. Nc4 Ba7 12. Nxa5 Bxf2+ 13. Rxf2 Rxa5 14. b4 Ra8 15. Qe2 O-O 16. d4 exd4 17. cxd4 d5 18. Ne5 Nxd4 19. Nxd7 Nxe2+ 20. Rxe2 Bxd7 21. Bxd7 Nxd7 22. exd5 Nf6 23. Rd2 Rfd8 24. d6 Rxd6 25. Rxd6 cxd6 26. a5 Rc8 27. b5 Nd5 28. a6 bxa6 29. bxa6 Ra8 30. a7 Kf8 31. Ra5 Nc7 32. Be3 Ke7 33. Ra1 Kd7 34. Rb1 Kc8 35. Bd4 f6 36. Re1 Kb7 37. Re7 g5 38. Bxf6 Rxa7 39. Bg7 Kc6 40. Bxh6 Ra5 41. Rg7 Ne6 42. Rg6 Kd7 43. Bg7 Nxg7 44.
Rxg7+ Ke6 45. g3 Kf6 46. Rd7 d5 47. h4 gxh4 48. gxh4 Ke6 49. Rd8 Ra2 50. Kh1 Ra4 51. Kg2 Rxh4 52. Kf2 Re4 53. Kf3 Ke5 54. Re8+ Kd4 55.
Rxe4+ dxe4+ 56. Ke2 Kd5 1/2-1/2

[Event "*** MasterClass Titled Tuesday Blitz"]
[Site "Chess.com"]
[Date "2017.12.05"]
[Round "2"]
[White "AndreyOstrovskiy"]
[Black "Jamaladam12200620"]
[Result "1-0"]
[WhiteElo "2520"]
[BlackElo "1964"]
[TimeControl "180+2"]
[EndTime "14:37:37 PST"]
[Termination "AndreyOstrovskiy won on time"]

1. e4 Nf6 2. e5 Nd5 3. d4 d6 4. Nf3 Bg4 5. exd6 exd6 6. c4 Nf6 7. h3 Bh5 8. Nc3 c6 9. Bd3 Be7 10. O-O Nbd7 11. Bf4 Qb6 12. Re1 Bxf3 13. Qxf3 Qxd4 14. Rad1 Ne5 15. Bxe5 dxe5 16. Bxh7 Qxc4 17. Bc2 Qf4 18. Qxf4 exf4 19. Rd4 g5 20. Re5 Nd7 21. Re2 Nf6 22. Rd1 Kf8 23. Ne4 Nxe4 24. Rxe4 Rd8 25. Rxd8+ Bxd8 26. Bb3 Be7 27. Rd4 Ke8 28. Rd3 Rh6 29.
Kf1 Rd6 30. Rc3 Bf6 31. Rc2 Kf8 32. Ke2 Kg7 33. Kf3 b6 34. Re2 c5 35. Kg4 b5 36. f3 Rd8 37. Kf5 Rd6 38. a3 c4 39.
Bc2 Rd5+ 40. Kg4 Rd8 41. Bb1 Rd1 42. Bc2 Rc1 43. Kf5 Bxb2 44. Kxg5 Bxa3 45. Kxf4 b4 46. Bf5 b3 47. Re8 1-0

[Event "*** MasterClass Titled Tuesday Blitz"]
[Site "Chess.com"]
[Date "2017.12.05"]
[Round "2"]
[White "Saitama_Hero"]
[Black "pedromartinez91"]
[Result "0-1"]
[WhiteElo "2082"]
[BlackElo "2243"]
[TimeControl "180+2"]
[EndTime "14:37:37 PST"]
[Termination "pedromartinez91 won by resignation"]

1. d4 Nf6 2. c4 g6 3. Nc3 Bg7 4.
e4 O-O 5. f4 c6 6. e5 Ne8 7.
Nf3 d6 8. Be2 Bg4 9. O-O dxe5 10. dxe5 Qa5 11. a3 Na6 12. Rb1 Rd8 13. Qe1 Qb6+ 14. Kh1 Nec7 15. b4 Ne6 16. c5 Qc7 17. Be3 Bxf3 18. Bxf3 Nd4 19. Qf2 Nxf3 20. Qxf3 Rd3 21. Rbc1 Rfd8 22. Rfd1 Qc8 23. Qe2 Qf5 24. g4 Rxd1+ 25. Rxd1 Rxd1+ 26. Qxd1 Qc8 27. h3 Nc7 28.
Qd3 h5 29. f5 gxf5 30. gxf5 Bxe5 31. Ne2 Nd5 32. Bd2 e6 33. Qf3 exf5 34. Qxh5 Qe6 35. Qg5+ Qg6 36. Qd8+ Kh7 37. Qh4+ Kg7 38. Ng1 f4 39. Nf3 Bb2 40. Bxf4 Bf6 41. Qg3 Qxg3 42. Bxg3 Kg6 43. Be5 Be7 44. Bb2 f6 45. Nd4 a5 46.
Nc2 Kf5 47. Kg2 Ke4 48. Kg3 f5 49. Ne1 axb4 50. axb4 Nxb4 51. Nf3 Nd3 52. Bc3 f4+ 53.
Kg4 Nf2+ 0-1

[Event "*** MasterClass Titled Tuesday Blitz"]
[Site "Chess.com"]
[Date "2017.12.05"]
[Round "2"]
[White "tango_argentino"]
[Black "jjosu"]
[Result "1/2-1/2"]
[WhiteElo "2521"]
[BlackElo "2513"]
[TimeControl "180+2"]
[EndTime "14:37:39 PST"]
[Termination "Game drawn by stalemate"]

1. e4 c5 2. a3 Nf6 3. e5 Nd5 4. c4 Nc7 5. b4 d6 6. Nf3 Nc6 7. exd6 exd6 8. b5 Ne5 9. Nxe5 dxe5 10. Bb2 Bd6 11. Nc3 f5 12. Qh5+ g6 13. Qf3 O-O 14. Nd5 Be6 15. Nxc7 Qxc7 16. h4 f4 17. h5 Bf5 18.
hxg6 Bxg6 19. Qh3 Qc8 20. Qh6 Qf5 21. d3 Rfe8 22. f3 Bf8 23. Qh4 Rad8 24. O-O-O a6 25. b6 Rd6 26. g3 Rxb6 27. Bh3 Qf7 28. gxf4 exf4 29. Rh2 Bg7 30. Qg5 Bxb2+ 31. Rxb2 Rxb2 32. Kxb2 b5 33. Qxc5 Re2+ 34. Kb3 Qf6 35. Kb4 Rb2+ 36. Ka5 Qd8+ 37. Kxa6 bxc4 38. Qxc4+ Kg7 39. Qc3+ Kh6 40. Qxb2 Qa8+ 41. Kb6 Qb8+ 42. Kc5 Qxb2 43. Rh1 Qxa3+ 44. Kd5 Qxd3+ 45. Ke5 Qe3+ 46. Kf6 Qd4+ 47.
Ke7 Kg7 48. Be6 Qc5+ 49. Kd8 Qd6+ 50. Bd7 Bf5 51. Kc8 Qxd7+ 52. Kb8 Qb5+ 53. Ka8 Qa6+ 54.
Kb8 Qc8+ 55. Ka7 Qc7+ 56. Ka8 Bc8 57. Rxh7+ Kxh7 1/2-1/2

[Event "*** MasterClass Titled Tuesday Blitz"]
[Site "Chess.com"]
[Date "2017.12.05"]
[Round "2"]
[White "vpantev"]
[Black "GeorgMeier"]
[Result "0-1"]
[WhiteElo "2448"]
[BlackElo "2805"]
[TimeControl "180+2"]
[EndTime "14:37:45 PST"]
[Termination "GeorgMeier won by resignation"]

1. d4 e6 2. Nf3 Nf6 3. Bf4 Be7 4. e3 Nh5 5. Bg3 b6 6. c4 Bb7 7.
Nc3 d6 8. Qc2 Nd7 9. Bd3 g6 10.
O-O Kf8 11. e4 Kg7 12. d5 e5 13. b4 Nxg3 14. fxg3 a6 15. a3 h5 16. Rf2 Qg8 17. h3 Qh7 18. Qd2 Qh6 19. Qxh6+ Kxh6 20. Kf1 Raf8 21.
Nd2 Rhg8 22. Ke2 Kg7 23. Raf1 Bc8 24. Nd1 Nf6 25. Ne3 Nh7 26. Nb3 Bd7 27. Nd2 h4 28. g4 Ng5 29. Nd1 Ra8 30. Nc3 Rgf8 31. Kd1 Ra7 32. Kc2 Rb8 33. Kb3 Be8 34. Kb2 Kg8 35.
Kb3 Bf8 36. Kb2 Bh6 37. Kb3 Kg7 38. Kb2 Kh7 39. Kb3 Kg8 40. Kb2 Bf8 41. Kb3 Be7 42. Kb2 Rba8 43. Kb3 Kf8 44. Kb2 b5 45. cxb5 axb5 46. Ndb1 Rb8 47. Kb3 c6 48. dxc6 Bxc6 49. Kb2 Kg7 50. Bc2 Be8 51. Nd5 Bd8 52. Nd2 Ne6 53. Nb3 Rba8 54. Ra1 Bc6 55. Rd2 Bg5 56. Rd3 Rd8 57. Nc3 Nf4 58. Rd2 Ne6 59. Rd3 Nd4 60. Nxd4 exd4 61. Nd5 Bxd5 62. exd5 Be3 63. a4 bxa4 64. Rxa4 Rc7 65. Rb3 Rdc8 66. Bd3 Rc3 67. Raa3 Bc1+ 68. Ka2 Bxa3 69. Kxa3 Rxb3+ 70. Kxb3 Rc3+ 71.
Ka4 Rxd3 72. b5 Rd1 73. b6 d3 0-1

[Event "*** MasterClass Titled Tuesday Blitz"]
[Site "Chess.com"]
[Date "2017.12.05"]
[Round "2"]
[White "grzechu96"]
[Black "jcibarra"]
[Result "1/2-1/2"]
[WhiteElo "2446"]
[BlackElo "2670"]
[TimeControl "180+2"]
[EndTime "14:37:45 PST"]
[Termination "Game drawn by stalemate"]

1. e4 c5 2. Nf3 Nf6 3. e5 Nd5 4.
Nc3 e6 5. Nxd5 exd5 6. d4 Nc6 7.
dxc5 Bxc5 8. Qxd5 Qb6 9. Bc4 Bxf2+ 10. Ke2 O-O 11. Rf1 Bc5 12. Ng5 Nxe5 13. Nxf7 Nxf7 14. Rxf7 Qe6+ 15. Qxe6 dxe6 16. Rxf8+ Kxf8 17. Be3 Bxe3 18.
Kxe3 Bd7 19. Rd1 Ke7 20. Bd3 Bc6 21. Be4 Bxe4 22. Kxe4 Rc8 23. c3 Rc5 24. Rd3 Rh5 25. h3 Rh4+ 26. Ke3 Ra4 27. a3 e5 28. Rd5 Ke6 29. Rc5 Kd6 30. Rc8 Rf4 31. Rd8+ Kc6 32. Rg8 Rf7 33. Ke4 Kc5 34. b3 Re7 35. Rd8 Kc6 36. Rd5 Rf7 37. Rxe5 Rf2 38. Rg5 g6 39. Kd3 b5 40. a4 bxa4 41. bxa4 Ra2 42. Re5 Rxg2 43.
Re7 Rg3+ 44. Kc4 Rxh3 45. Rxa7 Rh4+ 46. Kb3 g5 47. Rg7 g4 48. c4 h5 49. Kb4 Rh3 50. Rg6+ Kd7 51. a5 g3 52. a6 Kc7 53. Kc5 Rh1 54.
Rxg3 Ra1 55. Rg7+ Kb8 56. Kb6 Rb1+ 57. Kc6 Ra1 58. a7+ Ka8 59. Rh7 Ra6+ 60. Kd5 Rxa7 61. Rxh5 Ra6 62. c5 Kb8 63. c6 Ra1 64. Kd6 Rd1+ 65. Rd5 Rxd5+ 66. Kxd5 Kc7 67. Kc5 Kc8 68. Kb6 Kb8 69. Kb5 Kc7 70. Kc5 Kc8 71. Kd6 Kd8 72. Kd5 Kc7 73. Kc5 Kc8 74. Kb6 Kb8 75. c7+ Kc8 76.
Kc6 1/2-1/2

[Event "*** MasterClass Titled Tuesday Blitz"]
[Site "Chess.com"]
[Date "2017.12.05"]
[Round "2"]
[White "Jahonas"]
[Black "tteshan"]
[Result "1/2-1/2"]
[WhiteElo "2226"]
[BlackElo "2015"]
[TimeControl "180+2"]
[EndTime "14:37:46 PST"]
[Termination "Game drawn by agreement"]

1. d4 d5 2. c4 dxc4 3. e3 e5 4.
dxe5 Qxd1+ 5. Kxd1 Nc6 6. Nf3 Bg4 7. Bxc4 Nxe5 8. Be2 Nxf3 9. gxf3 O-O-O+ 10. Kc2 Bf5+ 11. e4 Be6 12. Nc3 Bc5 13. Be3 Bxe3 14. fxe3 Ne7 15. f4 Nc6 16. a3 g6 17. Rad1 Na5 18.
Rd4 c5 19. Rxd8+ Rxd8 20. b4 cxb4 21. axb4 Nc6 22. Rb1 Kd7 23. Rd1+ Ke7 24. Rxd8 Kxd8 25. b5 Nb4+ 26. Kb2 Kc7 27. Nb1 a5 28. bxa6 bxa6 29. Kc3 a5 30. Na3 Nc6 31. Bd3 Kb6 32. e5 Nb4 33.
Bb1 Nd5+ 34. Kd4 Ne7 35. e4 Nc6+ 36. Kc3 Kc5 37. h4 Nd4 38. Bd3 Bd7 39. Nc4 a4 40. Nd6 Nb5+ 41. Bxb5 Bxb5 42. Nxf7 Bc6 43. Nd6 Bd7 44. Nc4 Bc6 45. Nd2 Bd7 46. Nc4 Bc6 47.
Nd6 Bd7 48. f5 gxf5 49. Nxf5 Bc6 50. Nd6 Bd7 51. Nc4 Bc6 52. e6 Bxe4 53. e7 Bc6 54. Ne5 Be8 55. Ng4 Kd6 56. Nf6 Kxe7 57. Nxh7 Bg6 58.
Ng5 Kf6 59. Nf3 1/2-1/2

[Event "*** MasterClass Titled Tuesday Blitz"]
[Site "Chess.com"]
[Date "2017.12.05"]
[Round "2"]
[White "ENEASZ"]
[Black "HarutyunianTigranK"]
[Result "1-0"]
[WhiteElo "2416"]
[BlackElo "2534"]
[TimeControl "180+2"]
[EndTime "14:37:50 PST"]
[Termination "ENEASZ won by resignation"]

1. e4 e5 2. Nf3 Nc6 3. Bc4 Bc5 4. c3 Nf6 5. d4 exd4 6. O-O Nxe4 7.
cxd4 Bb6 8. d5 Ne7 9. Qe2 Nd6 10. Bd3 h6 11. Re1 Kf8 12. Nc3 Ndf5 13. b3 d6 14. Bb2 Nd4 15. Nxd4 Bxd4 16. Rad1 Bf6 17. Ne4 Bxb2 18. Qxb2 Bf5 19. Ng3 Bg4 20. f3 Bd7 21.
Qd4 h5 22. h4 Rh6 23. Re3 Ng6 24. Bxg6 Rxg6 25. Nxh5 Bh3 26. Nf4 Bf5 27. Nxg6+ Bxg6 28. Rde1 Kg8 29. Qg4 Qf6 30. Re8+ Rxe8 31. Rxe8+ Kh7 32. h5 Bd3 33. Re3 Bb1 34. a4 a5 35. Kh2 Bc2 36.
Kg3 Qa1 37. Kh2 Qf6 38. Kg3 Qa1 39. Kh2 Qf6 40. f4 c5 41. Qg5 Qd4 42. Rg3 b6 43. f5 Qf6 44. Qxf6 gxf6 45. Rf3 Be4 46. Re3 Bxd5 47. Rd3 Be4 48. Rxd6 Bxf5 49. Rxf6 Bc2 50. Rxb6 Kg7 51. g4 f6 52. Kg3 c4 53. bxc4 Bxa4 54.
Ra6 Bb3 55. c5 a4 56. c6 Kh6 57. c7 Bd5 1-0

[Event "*** MasterClass Titled Tuesday Blitz"]
[Site "Chess.com"]
[Date "2017.12.05"]
[Round "2"]
[White "wonderfultime"]
[Black "jncool68"]
[Result "1-0"]
[WhiteElo "2756"]
[BlackElo "2446"]
[TimeControl "180+2"]
[EndTime "14:37:55 PST"]
[Termination "wonderfultime won on time"]

1. d4 Nf6 2. Bf4 e6 3. e3 d5 4. Nf3 Bd6 5. Bg3 O-O 6. Nbd2 c5 7. c3 Qc7 8. Bd3 Nbd7 9. O-O Bxg3 10. hxg3 e5 11. dxe5 Nxe5 12. Nxe5 Qxe5 13. Qf3 Bg4 14. Qf4 Qxf4 15. gxf4 b6 16. Rfe1 Rfe8 17. Rac1 Rad8 18. f3 Bd7 19. Kf2 Bc6 20. g4 h6 21. Rg1 Nd7 22.
g5 hxg5 23. Rxg5 g6 24. Bxg6 Kf8 25. Bd3 Ke7 26. Rh1 Rh8 27. Rgh5 Rxh5 28. Rxh5 Rg8 29. Nf1 Nf6 30. Rh6 Bd7 31. Ng3 Be6 32. a3 a5 33. Be2 c4 34. f5 Bd7 35. e4 dxe4 36. fxe4 b5 37. Bf3 b4 38. e5 Ng4+ 39. Bxg4 Rxg4 40. axb4 axb4 41. Kf3 bxc3 42. bxc3 Rg8 43. Kf4 Ba4 44. Ra6 Bd1 45. Ra7+ Kf8 46. Ra8+ Kg7 47. Rxg8+ Kxg8 48. Kg5 Kg7 49. Ne4 Be2 50. Nd6 Bd3 51. Ne8+ Kf8 52. Nf6 Ke7 53. Nd5+ Kf8 54. Kf6 Be4 55.
Nb6 Bd3 56. Nc8 1-0

[Event "*** MasterClass Titled Tuesday Blitz"]
[Site "Chess.com"]
[Date "2017.12.05"]
[Round "2"]
[White "raphaelfioretti"]
[Black "ImadAK"]
[Result "1-0"]
[WhiteElo "1302"]
[BlackElo "1306"]
[TimeControl "180+2"]
[EndTime "14:37:56 PST"]
[Termination "raphaelfioretti won on time"]

1. e4 c5 2. Nf3 Nc6 3. d4 cxd4 4. Nxd4 g6 5. Be3 Bg7 6. Qd2 d6 7. Nc3 Bd7 8. O-O-O Nf6 9. Bh6 O-O 10. Bxg7 Kxg7 11.
Kb1 a6 12. f4 Bg4 13. Be2 Bxe2 14. Qxe2 Qb6 15. Nxc6 bxc6 16. a3 Rab8 17. b3 Qc5 18.
Kb2 a5 19. Rhe1 Qa7 20. e5 dxe5 21. Qxe5 a4 22. b4 e6 23. Rd6 Rfe8 24. Ne4 Qe7 25.
Nxf6 Qxf6 26. Qxf6+ Kxf6 27. Rxc6 Re7 28. Ra6 Rc8 29. Rxa4 Rec7 30. Re2 Rc4 31. g3 h5 32. Rd2 h4 33. Ra7 hxg3 34. hxg3 Rc3 35. Rd3 Rxc2+ 36. Kb3 R2c7 37. Rxc7 Rxc7 38. b5 Rb7 39.
Kb4 Kf5 40. a4 Ke4 41. Rc3 Kd4 42. a5 f6 43. a6 Ra7 44. Ra3 Rc7 45. a7 Rc4+ 46. Ka5 Rc8 47. b6 e5 48. b7 Rc5+ 49. Kb6 1-0

[Event "*** MasterClass Titled Tuesday Blitz"]
[Site "Chess.com"]
[Date "2017.12.05"]
[Round "2"]
[White "B-man"]
[Black "Al_Shima"]
[Result "0-1"]
[WhiteElo "2352"]
[BlackElo "2360"]
[TimeControl "180+2"]
[EndTime "14:38:05 PST"]
[Termination "Al_Shima won by resignation"]

1. Nc3 e5 2. g3 d5 3. Bg2 d4 4. Nb1 h5 5. h4 c5 6. d3 Nc6 7. Nf3 f6 8. a3 Bg4 9. c3 Qd7 10.
O-O Bh3 11. cxd4 Bxg2 12. Kxg2 Nxd4 13. e3 Nxf3 14. Qxf3 Ne7 15. Nc3 Qc6 16. Ne4 f5 17. Ng5 Qxf3+ 18. Nxf3 Nc6 19. Bd2 O-O-O 20. Bc3 Bd6 21.
Rfc1 Kd7 22. b4 cxb4 23. axb4 a6 24. Rab1 b5 25. d4 Rhe8 26. Rd1 e4 27. Nd2 Ne7 28. Nb3 Nd5 29. Nc5+ Bxc5 30. dxc5 Kc6 31. Bxg7 Rd7 32.
Bd4 Red8 33. Kf1 Nc3 34. Ra1 Nxd1 35. Rxd1 a5 36. bxa5 Ra8 37. Ra1 b4 38. Ke2 Kb5 39. Rc1 Rxa5 40. c6 Ra2+ 41. Kf1 Rc7 42. Rc5+ Ka4 43. Be5 Rc8 44. c7 b3 45. Rc6 b2 46.
Ra6+ Kb3 47. Rb6+ Kc2 48. Rc6+ Kb3 49. Rb6+ Kc4 50. Rb8 Rxc7 51. Bxc7 Ra1+ 52. Kg2 b1=Q 53. Rxb1 Rxb1 54. Bf4 Kd3 55. Be5 Ke2 56. g4 fxg4 57. Bg3 Rf1 58. Bf4 Rb1 59. Kg3 Rg1+ 60. Kh2 Kxf2 61. Bg5 Rg3 62. Bf4 Rxe3 0-1

[Event "*** MasterClass Titled Tuesday Blitz"]
[Site "Chess.com"]
[Date "2017.12.05"]
[Round "2"]
[White "TijanaBlagojevic"]
[Black "Th3ChessViking"]
[Result "1-0"]
[WhiteElo "2323"]
[BlackElo "2349"]
[TimeControl "180+2"]
[EndTime "14:38:06 PST"]
[Termination "TijanaBlagojevic won by checkmate"]

1. e4 e6 2. d4 d5 3. Nd2 Nf6 4.
e5 Nfd7 5. Bd3 c5 6. c3 Nc6 7. Ne2 cxd4 8. cxd4 f6 9. exf6 Nxf6 10. Nf3 Bd6 11.
O-O Qc7 12. g3 O-O 13. Bf4 Nh5 14. Bxd6 Qxd6 15. Nc3 g6 16. Qe2 Bd7 17. Qe3 Rxf3 18. Qxf3 Nxd4 19. Qe3 Nc6 20. Rfe1 d4 21. Ne4 Qe7 22.
Qg5 Qxg5 23. Nxg5 Re8 24. Bc4 Ng7 25. Rad1 h6 26. Ne4 Re7 27. Nf6+ Kf7 28. Ne4 b6 29. a3 Nf5 30. Rd2 Kg7 31. Bb5 Ne5 32. Be2 d3 33.
Bd1 Ba4 34. f4 Bxd1 35. fxe5 Bc2 36. Kf2 Nd4 37. Ke3 Nc6 38. Kf2 Nxe5 39. Nc3 Nc4 40. Ne4 Nxb2 41. Kg2 Nc4 42. Rf2 Nxa3 43. Nd2 Nb5 44.
Rf4 a5 45. Rc4 a4 46. Rc6 a3 47. Rxb6 Nc3 48. Ra1 a2 49. Rc6 Nd5 50. Kf3 Ra7 51. Rxe6 Nb4 52. Rb6 Nd5 53. Rb2 Nc3 54. Nc4 Rf7+ 55.
Kg2 Re7 56. Kf3 Re2 57. h3 Rh2 58. h4 h5 59. Rb7+ Kh6 60. Kf4 Nd5+ 61. Ke5 Nc3 62.
Ne3 Re2 63. Kf4 d2 64. g4 Rxe3 65.
g5# 1-0